Kelowna Rockets vs Niagara IceDogs
Created - Wednesday, May 3, 2023 at 07:00
Goals
|
| Kelowna Rockets |
0 |
2 |
3 |
0 |
0 |
5 |
| Niagara IceDogs |
1 |
2 |
2 |
0 |
1 |
6 |
|
Shots
|
| Kelowna Rockets |
5 |
15 |
26 |
2 |
3 |
48 |
| Niagara IceDogs |
19 |
11 |
9 |
2 |
2 |
41 |
|
1st period
1. Niagara IceDogs , Alex Whelan 7 (Joseph Duszak 12, John Ludvig 7) at 15:03
Penalties :
Chase Pearson (NID) for Hooking (Minor) at 6:59, Joseph Duszak (NID) for Interference (Minor) at 10:56, Ty Dellandrea (KEL) for High sticking (Minor) at 15:50
2nd period
2. Kelowna Rockets , Jesse Ylonen 25 (Jasper Weatherby 32, Ty Dellandrea 38) at 0:16
3. Niagara IceDogs , Jayden Halbgewachs 19 (Ian Mitchell 26) at 12:27
4. Kelowna Rockets , Oskar Steen 19 (Ty Dellandrea 39, Max Lajoie 22) at 17:20
5. Niagara IceDogs , Joachim Blichfeld 23 (Jonatan Berggren 30, Johannes Kinnvall 8) at 18:36 (SH)
Penalties :
John Ludvig (NID) for Fighting (Major) at 0:45, Max Lajoie (KEL) for Fighting (Major) at 0:45, Ty Dellandrea (KEL) for Hooking (Minor) at 3:15, Jesse Ylonen (KEL) for Tripping (Minor) at 12:33, Ty Dellandrea (KEL) for Holding (Minor) at 14:45, John Ludvig (NID) for Goalie Interference (Minor) at 17:52
3rd period
6. Niagara IceDogs , Chase Pearson 15 (Jayden Halbgewachs 21) at 1:12
7. Kelowna Rockets , Joel Kiviranta 11 (Matias Maccelli 20) at 1:54
8. Kelowna Rockets , Max Lajoie 5 (Joel Kiviranta 28, Matias Maccelli 21) at 3:03 (PP)
9. Kelowna Rockets , Oskar Steen 20 (Matias Maccelli 22, Joel Kiviranta 29) at 14:19
10. Niagara IceDogs , Jayden Halbgewachs 20 (Alex Whelan 15) at 18:01
Penalties :
Conor Timmins (NID) for Interference (Minor) at 2:11, Anthony Angello (NID) for Fighting (Major) at 6:15, Ty Dellandrea (KEL) for Fighting (Major) at 6:15, John Ludvig (NID) for Tripping (Minor) at 7:10, Anthony Angello (NID) for Interference (Minor) at 14:30, Chase Pearson (NID) for Fighting (Major) at 17:13, Givani Smith (KEL) for Fighting (Major) at 17:13
Overtime #1
No Goal
Penalties :
No Penalty
Shootout
Kelowna Rockets, Ty Dellandrea - Stopped by Dylan Ferguson
Niagara IceDogs, Arttu Ruotsalainen - Goal!
Kelowna Rockets, Jasper Weatherby - Stopped by Dylan Ferguson
Niagara IceDogs, Aliaksei Protas - Stopped by Eetu Makiniemi
Kelowna Rockets, Jesse Ylonen - Shot Misses the Net
Penalties :
No Penalty
Goalie Stats
Eetu Makiniemi (KEL), 36 saves from 41 shots - (0.878), OTL, 7-4-1, 65:00 minutes
Dylan Ferguson (NID), 43 saves from 48 shots - (0.896), W, 7-1-1, 65:00 minutes
Players Stats for Kelowna Rockets
Player Name G A P +/- PIM S H SB GA TA FO MP PP MP PK MP
------------------------------------------------------------------------------------
Arnaud Durandeau 0 0 0 0 0 0 1 0 0 0 0/1 5:34 0:00 0:00
Cale Fleury 0 0 0 -1 0 4 0 3 0 1 0/0 30:15 6:41 4:33
Givani Smith 0 0 0 -1 5 1 2 0 0 0 0/0 8:45 0:13 0:00
Jack Drury 0 0 0 -1 0 0 2 1 1 0 6/13 15:00 0:01 3:40
Jacob Perreault 0 0 0 -1 0 6 1 2 0 0 0/0 13:20 0:54 2:29
Jake Bean 0 0 0 2 0 0 0 1 0 1 0/0 12:57 0:00 1:02
Jasper Weatherby 0 1 1 1 0 4 1 3 2 0 2/4 25:04 5:48 3:49
Jesse Ylonen 1 0 1 0 2 6 0 0 0 0 5/6 19:41 5:48 0:18
Joel Kiviranta 1 2 3 -1 0 5 3 0 0 1 0/0 17:54 4:17 0:32
Lauri Pajuniemi 0 0 0 0 0 0 0 0 0 0 1/1 5:49 0:01 0:00
Lucas Johansen 0 0 0 -2 0 0 4 2 0 0 0/0 23:09 4:06 3:23
Matias Maccelli 0 3 3 -1 0 8 1 0 2 0 0/1 21:56 4:30 3:35
Max Lajoie 1 1 2 -1 5 1 0 1 1 2 0/0 27:57 6:41 3:15
Maxence Guenette 0 0 0 -2 0 1 1 0 0 1 0/0 24:05 4:06 3:39
Oskar Steen 2 0 2 0 0 5 1 0 0 0 9/15 18:02 4:20 0:22
Oskari Laaksonen 0 0 0 2 0 0 0 0 0 1 0/0 11:36 0:00 0:00
Roby Jarventie 0 0 0 0 0 0 0 0 0 0 1/3 6:31 1:52 0:00
Ty Dellandrea 0 2 2 1 11 7 4 2 1 0 15/30 24:30 4:37 1:07
Players Stats for Niagara IceDogs
Player Name G A P +/- PIM S H SB GA TA FO MP PP MP PK MP
------------------------------------------------------------------------------------
Alex Whelan 1 1 2 3 0 1 0 3 0 0 1/1 11:27 0:02 0:00
Aliaksei Protas 0 0 0 -2 0 2 1 2 1 0 1/1 26:39 4:02 6:16
Anthony Angello 0 0 0 0 7 1 1 0 1 0 0/0 11:41 3:39 0:00
Arttu Ruotsalainen 0 0 0 -2 0 5 2 0 0 0 17/47 26:26 4:03 6:16
Chase Pearson 1 0 1 2 7 3 2 0 0 0 0/0 11:01 0:15 0:00
Conor Timmins 0 0 0 0 2 2 1 5 0 1 0/0 31:36 4:14 5:30
Filip Kral 0 0 0 0 0 0 0 1 0 1 0/0 10:28 0:54 0:16
Ian Mitchell 0 1 1 0 0 2 1 1 1 1 0/0 32:15 4:14 6:08
James Hamblin 0 0 0 0 0 3 1 0 0 1 0/0 10:27 0:00 1:25
Jayden Halbgewachs 2 1 3 4 0 3 2 0 1 0 4/7 13:24 0:36 0:18
Joachim Blichfeld 1 0 1 1 0 4 1 0 1 0 0/0 17:36 3:39 3:10
Johannes Kinnvall 0 1 1 1 0 0 1 0 0 1 0/0 11:40 0:00 2:50
John Ludvig 0 1 1 0 9 1 4 1 2 1 0/0 20:42 2:48 3:15
Jonatan Berggren 0 1 1 -1 0 5 4 1 0 0 4/5 22:37 4:02 2:48
Joseph Duszak 0 1 1 1 2 4 1 2 0 1 0/0 23:46 3:42 3:35
Nicholas Robertson 0 0 0 -2 0 2 0 1 0 0 1/1 9:07 0:01 1:21
Tim Soderlund 0 0 0 -1 0 0 0 0 0 0 0/0 5:55 0:00 0:00
Vasili Ponomarev 0 0 0 0 0 3 1 0 0 0 7/12 12:25 3:29 0:00
3 Stars
1 - Jayden Halbgewachs (NID)
2 - Alex Whelan (NID)
3 - Oskar Steen (KEL)
Power Play
Kelowna Rockets - 1 on 6 Attempt(s) - 16.67%
Niagara IceDogs - 0 on 4 Attempt(s) - 0.00%
Penalty Kill
Kelowna Rockets - 4 on 4 Attempt(s) - 100.00%
- Score 0 goal in Penalty Kill
Niagara IceDogs - 5 on 6 Attempt(s) - 83.33%
- Score 1 goal in Penalty Kill
Team Stat
Kelowna Rockets - Hits : 21 - Faceoff Wins : 39 - Blocked Shots : 15 - Penalty Minutes : 23
Niagara IceDogs - Hits : 23 - Faceoff Wins : 35 - Blocked Shots : 17 - Penalty Minutes : 27
Official
Referees : Francis Charron and Kevin Pollock
Linesman : Unknown
Game Notes
John Ludvig and Max Lajoie fight to a draw at 0:45 of 2nd period
Anthony Angello and Ty Dellandrea fight to a draw at 6:15 of 3rd period
Givani Smith beats up Chase Pearson at 17:13 of 3rd period
Kelowna Rockets
5 vs 5 Forward
Center Left Wing Right Wing Time % Phy DF OF
1 Ty Dellandrea Jasper Weatherby Jesse Ylonen 40 1 2 2
2 Oskar Steen Matias Maccelli Joel Kiviranta 30 1 2 2
3 Jack Drury Givani Smith Jacob Perreault 20 1 2 2
4 Ty Dellandrea Arnaud Durandeau Lauri Pajuniemi 10 1 2 2
5 vs 5 Defense
Defense Defense Time % Phy DF OF
1 Cale Fleury Max Lajoie 40 1 2 2
2 Lucas Johansen Maxence Guenette 30 1 2 2
3 Jake Bean Oskari Laaksonen 20 1 2 2
4 Max Lajoie Lucas Johansen 10 1 2 2
PowerPlay Forward
Center Left Wing Right Wing Time % Phy DF OF
1 Ty Dellandrea Jasper Weatherby Jesse Ylonen 60 1 2 2
2 Oskar Steen Matias Maccelli Joel Kiviranta 40 1 2 2
PowerPlay Defense
Defense Defense Time % Phy DF OF
1 Cale Fleury Max Lajoie 60 1 2 2
2 Lucas Johansen Maxence Guenette 40 1 2 2
Penalty Kill 4 Players Forward
Center Wing Time % Phy DF OF
1 Ty Dellandrea Jasper Weatherby 60 1 2 2
2 Jesse Ylonen Matias Maccelli 40 1 2 2
Penalty Kill 4 Players Defense
Defense Defense Time % Phy DF OF
1 Cale Fleury Max Lajoie 60 1 2 2
2 Lucas Johansen Maxence Guenette 40 1 2 2
Penalty Kill - 3 Players Forward
Forward Time % Phy DF OF
1 Ty Dellandrea 60 1 2 2
2 Jasper Weatherby 40 1 2 2
Penalty Kill - 3 Players Defense
Defense Defense Time % Phy DF OF
1 Cale Fleury Max Lajoie 60 1 2 2
2 Lucas Johansen Maxence Guenette 40 1 2 2
4 vs 4 Forward
Center Wing Time % Phy DF OF
1 Ty Dellandrea Jasper Weatherby 60 1 2 2
2 Jesse Ylonen Matias Maccelli 40 1 2 2
4 vs 4 Defense
Defense Defense Time % Phy DF OF
1 Cale Fleury Max Lajoie 60 1 2 2
2 Lucas Johansen Maxence Guenette 40 1 2 2
Last Minutes Offensive
Center Left Wing Right Wing Defense Defense
Ty Dellandrea Jasper Weatherby Jesse Ylonen Cale Fleury Max Lajoie
Last Minutes Defensive
Center Left Wing Right Wing Defense Defense
Ty Dellandrea Jasper Weatherby Jesse Ylonen Cale Fleury Max Lajoie
Goaltenders
Starting : Eetu Makiniemi
Backup : Justus Annunen
Extra Forwards
Normal : Roby Jarventie, Ty Dellandrea, Jack Drury - PP : Roby Jarventie, Ty Dellandrea - PK : Jack Drury
Extra Defensemen
Normal : Max Lajoie, Maxence Guenette, Cale Fleury - PP : Cale Fleury - PK : Maxence Guenette, Cale Fleury
Penalty Shots
Ty Dellandrea, Jasper Weatherby, Jesse Ylonen, Matias Maccelli, Oskar Steen
Niagara IceDogs
5 vs 5 Forward
Center Left Wing Right Wing Time % Phy DF OF
1 Arttu Ruotsalainen Aliaksei Protas Jonatan Berggren 40 1 2 2
2 Vasili Ponomarev Joachim Blichfeld Anthony Angello 30 1 2 2
3 Jayden Halbgewachs Chase Pearson Alex Whelan 20 1 2 2
4 James Hamblin Nicholas Robertson Tim Soderlund 10 1 2 2
5 vs 5 Defense
Defense Defense Time % Phy DF OF
1 Ian Mitchell Conor Timmins 40 1 2 2
2 John Ludvig Joseph Duszak 30 1 2 2
3 Filip Kral Johannes Kinnvall 20 1 2 2
4 Ian Mitchell Conor Timmins 10 1 2 2
PowerPlay Forward
Center Left Wing Right Wing Time % Phy DF OF
1 Arttu Ruotsalainen Aliaksei Protas Jonatan Berggren 60 1 2 2
2 Vasili Ponomarev Joachim Blichfeld Anthony Angello 40 1 2 2
PowerPlay Defense
Defense Defense Time % Phy DF OF
1 Ian Mitchell Conor Timmins 60 1 2 2
2 John Ludvig Joseph Duszak 40 1 2 2
Penalty Kill 4 Players Forward
Center Wing Time % Phy DF OF
1 Arttu Ruotsalainen Aliaksei Protas 60 1 2 2
2 Jonatan Berggren Joachim Blichfeld 40 1 2 2
Penalty Kill 4 Players Defense
Defense Defense Time % Phy DF OF
1 Ian Mitchell Conor Timmins 60 1 2 2
2 John Ludvig Joseph Duszak 40 1 2 2
Penalty Kill - 3 Players Forward
Forward Time % Phy DF OF
1 Arttu Ruotsalainen 60 1 2 2
2 Aliaksei Protas 40 1 2 2
Penalty Kill - 3 Players Defense
Defense Defense Time % Phy DF OF
1 Ian Mitchell Conor Timmins 60 1 2 2
2 John Ludvig Joseph Duszak 40 1 2 2
4 vs 4 Forward
Center Wing Time % Phy DF OF
1 Arttu Ruotsalainen Aliaksei Protas 60 1 2 2
2 Jonatan Berggren Joachim Blichfeld 40 1 2 2
4 vs 4 Defense
Defense Defense Time % Phy DF OF
1 Ian Mitchell Conor Timmins 60 1 2 2
2 John Ludvig Joseph Duszak 40 1 2 2
Last Minutes Offensive
Center Left Wing Right Wing Defense Defense
Arttu Ruotsalainen Aliaksei Protas Jonatan Berggren Ian Mitchell Conor Timmins
Last Minutes Defensive
Center Left Wing Right Wing Defense Defense
Arttu Ruotsalainen Aliaksei Protas Jonatan Berggren Ian Mitchell Conor Timmins
Goaltenders
Starting : Dylan Ferguson
Backup : Joseph Woll
Extra Forwards
Normal : Jayden Halbgewachs, Chase Pearson, James Hamblin - PP : Jayden Halbgewachs, Chase Pearson - PK : James Hamblin
Extra Defensemen
Normal : Filip Kral, Johannes Kinnvall, John Ludvig - PP : Filip Kral - PK : Johannes Kinnvall, John Ludvig
Penalty Shots
Arttu Ruotsalainen, Aliaksei Protas, Jonatan Berggren, Joachim Blichfeld, Vasili Ponomarev
% Time on Ice - Kelowna Rockets
Lines # - Real PCT - Wanted PCT - Time Play
Normal Forward
1 - 34% - 40% - 13:54
2 - 31% - 30% - 12:50
3 - 22% - 20% - 8:59
4 - 13% - 10% - 5:34
Normal Defense
1 - 40% - 40% - 16:31
2 - 27% - 30% - 11:06
3 - 27% - 20% - 11:03
4 - 6% - 10% - 2:37
PP Forward
1 - 58% - 60% - 6:17
2 - 42% - 40% - 4:30
PP Defense
1 - 62% - 60% - 6:41
2 - 38% - 40% - 4:06
PK Forward
1 - 85% - 60% - 6:46
2 - 15% - 40% - 1:10
PK Defense
1 - 62% - 60% - 4:53
2 - 38% - 40% - 3:03
PK3 Forward
1 - 0% - 60%
2 - 0% - 40%
PK3 Defense
1 - 0% - 60%
2 - 0% - 40%
44 Forward
1 - 81% - 60% - 4:02
2 - 19% - 40% - 0:58
44 Defense
1 - 51% - 60% - 2:32
2 - 49% - 40% - 2:28
Last Minute Offensive - 0:00
Last Minute Defensive - 0:00
Total
Forward - 65:00
Defense - 65:00
|
% Time on Ice - Niagara IceDogs
Lines # - Real PCT - Wanted PCT - Time Play
Normal Forward
1 - 38% - 40% - 15:33
2 - 23% - 30% - 9:23
3 - 25% - 20% - 10:26
4 - 14% - 10% - 5:55
Normal Defense
1 - 41% - 40% - 16:44
2 - 36% - 30% - 14:51
3 - 19% - 20% - 7:51
4 - 4% - 10% - 1:51
PP Forward
1 - 54% - 60% - 4:17
2 - 46% - 40% - 3:39
PP Defense
1 - 53% - 60% - 4:14
2 - 47% - 40% - 3:42
PK Forward
1 - 74% - 60% - 7:59
2 - 26% - 40% - 2:48
PK Defense
1 - 59% - 60% - 6:19
2 - 41% - 40% - 4:28
PK3 Forward
1 - 0% - 60%
2 - 0% - 40%
PK3 Defense
1 - 0% - 60%
2 - 0% - 40%
44 Forward
1 - 69% - 60% - 3:28
2 - 31% - 40% - 1:32
44 Defense
1 - 57% - 60% - 2:52
2 - 43% - 40% - 2:08
Last Minute Offensive - 0:00
Last Minute Defensive - 0:00
Total
Forward - 65:00
Defense - 65:00
|
Play-by-Play
1st period
0:01 of 1st period - Jesse Ylonen wins face-off versus Arttu Ruotsalainen in neutral zone.
0:04 of 1st period - Wrist shot by Ty Dellandrea.
0:04 of 1st period - Shot Misses the Net.
0:06 of 1st period - Snap shot by Jasper Weatherby.
0:06 of 1st period - Shot Blocked by Conor Timmins.
0:08 of 1st period - Snap shot by Jasper Weatherby.
0:08 of 1st period - Stopped by Dylan Ferguson with a rebound.
0:10 of 1st period - Slapshot by Max Lajoie.
0:10 of 1st period - Shot Blocked by Jonatan Berggren.
0:12 of 1st period - Snap shot by Jasper Weatherby.
0:12 of 1st period - Stopped by Dylan Ferguson with a rebound.
0:14 of 1st period - Snap shot by Jesse Ylonen.
0:14 of 1st period - Stopped by Dylan Ferguson with a rebound.
0:16 of 1st period - Wrist shot by Cale Fleury.
0:16 of 1st period - Shot Blocked by Conor Timmins.
0:26 of 1st period - Cale Fleury is hit by Anthony Angello and loses puck.
0:54 of 1st period - Conor Timmins is hit by Maxence Guenette and loses puck.
1:17 of 1st period - Slapshot by Lauri Pajuniemi.
1:17 of 1st period - Shot Blocked by Nicholas Robertson.
1:29 of 1st period - Matias Maccelli is hit by Jonatan Berggren and loses puck.
2:31 of 1st period - Wrist shot by Nicholas Robertson.
2:31 of 1st period - Stopped by Eetu Makiniemi with a rebound.
2:33 of 1st period - Slapshot by Conor Timmins.
2:33 of 1st period - Shot Misses the Net.
2:35 of 1st period - Slapshot by Joseph Duszak.
2:35 of 1st period - Stopped by Eetu Makiniemi with a rebound.
2:37 of 1st period - Snap shot by Conor Timmins.
2:37 of 1st period - Shot Misses the Net.
2:39 of 1st period - Slapshot by Joseph Duszak.
2:39 of 1st period - Deflect By James Hamblin.
2:39 of 1st period - Shot Misses the Net.
2:39 of 1st period - Puck is out of play.
2:40 of 1st period - Oskar Steen wins face-off versus Arttu Ruotsalainen in Kelowna Rockets zone.
2:45 of 1st period - Ian Mitchell is hit by Joel Kiviranta and loses puck.
3:07 of 1st period - Joachim Blichfeld is hit by Ty Dellandrea and loses puck.
3:20 of 1st period - Jayden Halbgewachs is hit by Givani Smith and loses puck.
4:48 of 1st period - Wrist shot by Aliaksei Protas.
4:48 of 1st period - Shot Misses the Net.
4:50 of 1st period - Snap shot by Arttu Ruotsalainen.
4:50 of 1st period - Deflect By Jonatan Berggren.
4:50 of 1st period - Shot Misses the Net.
4:50 of 1st period - Puck is out of play.
4:51 of 1st period - Jonatan Berggren wins face-off versus Oskar Steen in Kelowna Rockets zone.
5:16 of 1st period - Aliaksei Protas is hit by Jacob Perreault and loses puck.
5:43 of 1st period - Snap shot by Joachim Blichfeld.
5:43 of 1st period - Stopped by Eetu Makiniemi with a rebound.
6:17 of 1st period - Wrist shot by James Hamblin.
6:17 of 1st period - Stopped by Eetu Makiniemi with a rebound.
6:23 of 1st period - Wrist shot by Nicholas Robertson.
6:23 of 1st period - Stopped by Eetu Makiniemi with a rebound.
6:25 of 1st period - Snap shot by James Hamblin.
6:25 of 1st period - Stopped by Eetu Makiniemi with a rebound.
6:35 of 1st period - Oskari Laaksonen is hit by John Ludvig and loses puck.
6:59 of 1st period - Minor Penalty to Chase Pearson for Hooking.
7:00 of 1st period - Ty Dellandrea wins face-off versus Arttu Ruotsalainen in Niagara IceDogs zone.
7:07 of 1st period - Wrist shot by Ty Dellandrea.
7:07 of 1st period - Shot Misses the Net.
7:25 of 1st period - Arttu Ruotsalainen is hit by Joel Kiviranta and loses puck.
7:30 of 1st period - Snap shot by Matias Maccelli.
7:30 of 1st period - Shot Misses the Net.
7:32 of 1st period - Slapshot by Lucas Johansen.
7:32 of 1st period - Shot Misses the Net.
7:34 of 1st period - Slapshot by Maxence Guenette.
7:34 of 1st period - Stopped by Dylan Ferguson without a rebound.
7:35 of 1st period - Arttu Ruotsalainen wins face-off versus Matias Maccelli in Niagara IceDogs zone.
7:46 of 1st period - Joachim Blichfeld is hit by Oskar Steen and loses puck.
8:59 of 1st period - Penalty to Chase Pearson is over, Chase Pearson is back on ice.
10:56 of 1st period - Minor Penalty to Joseph Duszak for Interference.
10:57 of 1st period - Arttu Ruotsalainen wins face-off versus Ty Dellandrea in Niagara IceDogs zone.
11:09 of 1st period - Wrist shot by Arttu Ruotsalainen.
11:09 of 1st period - Shot Misses the Net.
12:56 of 1st period - Penalty to Joseph Duszak is over, Joseph Duszak is back on ice.
13:18 of 1st period - Wrist shot by Nicholas Robertson.
13:18 of 1st period - Shot Blocked by Jacob Perreault.
13:20 of 1st period - Snap shot by Joseph Duszak.
13:20 of 1st period - Stopped by Eetu Makiniemi with a rebound.
13:22 of 1st period - Slapshot by Nicholas Robertson.
13:22 of 1st period - Shot Misses the Net.
13:24 of 1st period - Snap shot by Joseph Duszak.
13:24 of 1st period - Stopped by Eetu Makiniemi without a rebound.
13:25 of 1st period - Lauri Pajuniemi wins face-off versus Vasili Ponomarev in Kelowna Rockets zone.
13:25 of 1st period - Lauri Pajuniemi is hit by Johannes Kinnvall.
13:34 of 1st period - Off-side.
13:35 of 1st period - Ty Dellandrea wins face-off versus Vasili Ponomarev in neutral zone.
13:46 of 1st period - Snap shot by Joachim Blichfeld.
13:46 of 1st period - Shot Hit the Post.
13:48 of 1st period - Wrist shot by Joachim Blichfeld.
13:48 of 1st period - Shot Misses the Net.
13:50 of 1st period - Wrist shot by Joachim Blichfeld.
13:50 of 1st period - Stopped by Eetu Makiniemi with a rebound.
13:52 of 1st period - Snap shot by Vasili Ponomarev.
13:52 of 1st period - Stopped by Eetu Makiniemi with a rebound.
13:54 of 1st period - Wrist shot by Anthony Angello.
13:54 of 1st period - Deflect By Joachim Blichfeld.
13:54 of 1st period - Shot Misses the Net.
13:54 of 1st period - Puck is out of play.
13:55 of 1st period - Arttu Ruotsalainen wins face-off versus Oskar Steen in Kelowna Rockets zone.
14:00 of 1st period - Backhand shot by Jonatan Berggren.
14:00 of 1st period - Stopped by Eetu Makiniemi with a rebound.
14:02 of 1st period - Wrist shot by Aliaksei Protas.
14:02 of 1st period - Shot Blocked by Cale Fleury.
14:04 of 1st period - Slapshot by Conor Timmins.
14:04 of 1st period - Deflect By Oskar Steen.
14:04 of 1st period - Stopped by Eetu Makiniemi with a rebound.
14:45 of 1st period - Ian Mitchell is hit by Jack Drury.
14:51 of 1st period - Icing by Maxence Guenette.
14:52 of 1st period - Jayden Halbgewachs wins face-off versus Jack Drury in Kelowna Rockets zone.
14:53 of 1st period - Snap shot by Chase Pearson.
14:53 of 1st period - Stopped by Eetu Makiniemi with a rebound.
14:55 of 1st period - Snap shot by Joseph Duszak.
14:55 of 1st period - Shot Misses the Net.
14:57 of 1st period - Snap shot by Jayden Halbgewachs.
14:57 of 1st period - Shot Blocked by Lucas Johansen.
14:59 of 1st period - Slapshot by John Ludvig.
14:59 of 1st period - Deflect By Givani Smith.
14:59 of 1st period - Stopped by Eetu Makiniemi with a rebound.
15:01 of 1st period - Slapshot by Joseph Duszak.
15:01 of 1st period - Shot Blocked by Jacob Perreault.
15:03 of 1st period - Snap shot by Alex Whelan.
15:03 of 1st period - Goal by Alex Whelan - Kelowna Rockets : 0 - Niagara IceDogs : 1.
15:04 of 1st period - Jonatan Berggren wins face-off versus Ty Dellandrea in neutral zone.
15:06 of 1st period - Off-side.
15:07 of 1st period - Ty Dellandrea wins face-off versus Arttu Ruotsalainen in neutral zone.
15:18 of 1st period - Slapshot by Jonatan Berggren.
15:18 of 1st period - Stopped by Eetu Makiniemi with a rebound.
15:20 of 1st period - Slapshot by Ian Mitchell.
15:20 of 1st period - Shot Misses the Net.
15:22 of 1st period - Wrist shot by Arttu Ruotsalainen.
15:22 of 1st period - Shot Blocked by Cale Fleury.
15:44 of 1st period - Wrist shot by Chase Pearson.
15:44 of 1st period - Stopped by Eetu Makiniemi with a rebound.
15:50 of 1st period - Minor Penalty to Ty Dellandrea for High sticking.
15:51 of 1st period - Arttu Ruotsalainen wins face-off versus Jack Drury in Kelowna Rockets zone.
16:06 of 1st period - Jack Drury is hit by Arttu Ruotsalainen.
16:45 of 1st period - Icing by Aliaksei Protas.
16:46 of 1st period - Jack Drury wins face-off versus Arttu Ruotsalainen in Niagara IceDogs zone.
17:33 of 1st period - Cale Fleury is hit by Jonatan Berggren and loses puck.
17:50 of 1st period - Penalty to Ty Dellandrea is over, Ty Dellandrea is back on ice.
18:07 of 1st period - Icing by Conor Timmins.
18:08 of 1st period - Jayden Halbgewachs wins face-off versus Ty Dellandrea in Niagara IceDogs zone.
18:32 of 1st period - Snap shot by Arttu Ruotsalainen.
18:32 of 1st period - Stopped by Eetu Makiniemi without a rebound.
18:33 of 1st period - Arttu Ruotsalainen wins face-off versus Oskar Steen in Kelowna Rockets zone.
18:38 of 1st period - Wrist shot by Aliaksei Protas.
18:38 of 1st period - Deflect By Arttu Ruotsalainen.
18:38 of 1st period - Stopped by Eetu Makiniemi with a rebound.
19:09 of 1st period - Snap shot by Jesse Ylonen.
19:09 of 1st period - Shot Misses the Net.
19:11 of 1st period - Snap shot by Ty Dellandrea.
19:11 of 1st period - Stopped by Dylan Ferguson with a rebound.
19:28 of 1st period - Wrist shot by Jack Drury.
19:28 of 1st period - Shot Misses the Net.
19:33 of 1st period - Off-side.
19:34 of 1st period - Jonatan Berggren wins face-off versus Ty Dellandrea in neutral zone.
19:59 of 1st period - Cale Fleury is hit by Joachim Blichfeld and loses puck.
Goals for this period are 0 for Kelowna Rockets vs 1 for Niagara IceDogs.
Shots for this period are 5 for Kelowna Rockets vs 19 for Niagara IceDogs.
2nd period
0:01 of 2nd period - Jasper Weatherby wins face-off versus Arttu Ruotsalainen in neutral zone.
0:16 of 2nd period - Wrist shot by Jesse Ylonen.
0:16 of 2nd period - Goal by Jesse Ylonen - Kelowna Rockets : 1 - Niagara IceDogs : 1.
0:17 of 2nd period - Ty Dellandrea wins face-off versus Arttu Ruotsalainen in neutral zone.
0:45 of 2nd period - John Ludvig and Max Lajoie fight to a draw.
0:45 of 2nd period - Penalty to John Ludvig for Fighting.
0:45 of 2nd period - Penalty to Max Lajoie for Fighting.
0:46 of 2nd period - Arttu Ruotsalainen wins face-off versus Ty Dellandrea in neutral zone.
0:49 of 2nd period - Snap shot by Aliaksei Protas.
0:49 of 2nd period - Shot Misses the Net.
0:51 of 2nd period - Wrist shot by Jonatan Berggren.
0:51 of 2nd period - Stopped by Eetu Makiniemi with a rebound.
0:53 of 2nd period - Slapshot by Arttu Ruotsalainen.
0:53 of 2nd period - Shot Blocked by Jasper Weatherby.
0:55 of 2nd period - Slapshot by Joseph Duszak.
0:55 of 2nd period - Deflect By Arttu Ruotsalainen.
0:55 of 2nd period - Stopped by Eetu Makiniemi with a rebound.
0:57 of 2nd period - Slapshot by Filip Kral.
0:57 of 2nd period - Deflect By Aliaksei Protas.
0:57 of 2nd period - Shot Misses the Net.
0:57 of 2nd period - Puck is out of play.
0:58 of 2nd period - Jesse Ylonen wins face-off versus Arttu Ruotsalainen in Kelowna Rockets zone.
1:23 of 2nd period - Oskar Steen is hit by Joseph Duszak and loses puck.
1:49 of 2nd period - Maxence Guenette is hit by Conor Timmins and loses puck.
2:09 of 2nd period - Off-side.
2:10 of 2nd period - Oskar Steen wins face-off versus Arttu Ruotsalainen in neutral zone.
2:15 of 2nd period - Snap shot by Matias Maccelli.
2:15 of 2nd period - Shot Misses the Net.
2:21 of 2nd period - Wrist shot by Arttu Ruotsalainen.
2:21 of 2nd period - Deflect By Jonatan Berggren.
2:21 of 2nd period - Shot Blocked by Jake Bean.
2:21 of 2nd period - Puck is out of play.
2:22 of 2nd period - Ty Dellandrea wins face-off versus Arttu Ruotsalainen in Kelowna Rockets zone.
2:27 of 2nd period - Maxence Guenette is hit by Arttu Ruotsalainen and loses puck.
2:36 of 2nd period - Joseph Duszak is hit by Jasper Weatherby and loses puck.
2:56 of 2nd period - Wrist shot by Joel Kiviranta.
2:56 of 2nd period - Stopped by Dylan Ferguson without a rebound.
2:57 of 2nd period - Jasper Weatherby wins face-off versus Arttu Ruotsalainen in Niagara IceDogs zone.
3:00 of 2nd period - Wrist shot by Jasper Weatherby.
3:00 of 2nd period - Deflect By Jesse Ylonen.
3:00 of 2nd period - Shot Blocked by Conor Timmins.
3:00 of 2nd period - Puck is out of play.
3:01 of 2nd period - Jesse Ylonen wins face-off versus Arttu Ruotsalainen in Niagara IceDogs zone.
3:15 of 2nd period - Minor Penalty to Ty Dellandrea for Hooking.
3:16 of 2nd period - Arttu Ruotsalainen wins face-off versus Jack Drury in Kelowna Rockets zone.
3:18 of 2nd period - Snap shot by Arttu Ruotsalainen.
3:18 of 2nd period - Shot Misses the Net.
3:20 of 2nd period - Snap shot by Ian Mitchell.
3:20 of 2nd period - Stopped by Eetu Makiniemi with a rebound.
3:22 of 2nd period - Wrist shot by Aliaksei Protas.
3:22 of 2nd period - Shot Blocked by Cale Fleury.
3:46 of 2nd period - Backhand shot by Vasili Ponomarev.
3:46 of 2nd period - Shot Blocked by Jack Drury.
3:58 of 2nd period - Aliaksei Protas is hit by Matias Maccelli and loses puck.
5:15 of 2nd period - Penalty to Ty Dellandrea is over, Ty Dellandrea is back on ice.
5:24 of 2nd period - Maxence Guenette is hit by Chase Pearson and loses puck.
6:16 of 2nd period - John Ludvig is hit by Lucas Johansen and loses puck.
7:23 of 2nd period - Arttu Ruotsalainen is hit by Arnaud Durandeau and loses puck.
7:57 of 2nd period - Matias Maccelli is hit by Jayden Halbgewachs and loses puck.
8:17 of 2nd period - Jasper Weatherby is hit by Vasili Ponomarev and loses puck.
8:40 of 2nd period - Ian Mitchell is hit by Lucas Johansen and loses puck.
8:59 of 2nd period - Icing by Jack Drury.
9:00 of 2nd period - Vasili Ponomarev wins face-off versus Jack Drury in Kelowna Rockets zone.
9:01 of 2nd period - Snap shot by Joachim Blichfeld.
9:01 of 2nd period - Shot Misses the Net.
9:03 of 2nd period - Slapshot by Conor Timmins.
9:03 of 2nd period - Deflect By Vasili Ponomarev.
9:03 of 2nd period - Stopped by Eetu Makiniemi without a rebound.
9:04 of 2nd period - Vasili Ponomarev wins face-off versus Oskar Steen in Kelowna Rockets zone.
9:07 of 2nd period - Snap shot by Vasili Ponomarev.
9:07 of 2nd period - Shot Blocked by Max Lajoie.
9:09 of 2nd period - Slapshot by Anthony Angello.
9:09 of 2nd period - Shot Misses the Net.
9:11 of 2nd period - Snap shot by Ian Mitchell.
9:11 of 2nd period - Stopped by Eetu Makiniemi with a rebound.
9:13 of 2nd period - Slapshot by Anthony Angello.
9:13 of 2nd period - Stopped by Eetu Makiniemi without a rebound.
9:14 of 2nd period - Oskar Steen wins face-off versus Arttu Ruotsalainen in Kelowna Rockets zone.
11:27 of 2nd period - Jacob Perreault is hit by Ian Mitchell and loses puck.
11:46 of 2nd period - Slapshot by Lucas Johansen.
11:46 of 2nd period - Shot Blocked by Aliaksei Protas.
11:48 of 2nd period - Snap shot by Joel Kiviranta.
11:48 of 2nd period - Shot Blocked by Filip Kral.
11:50 of 2nd period - Wrist shot by Oskar Steen.
11:50 of 2nd period - Stopped by Dylan Ferguson without a rebound.
11:51 of 2nd period - Oskar Steen wins face-off versus Arttu Ruotsalainen in Niagara IceDogs zone.
12:04 of 2nd period - Slapshot by Matias Maccelli.
12:04 of 2nd period - Shot Blocked by Aliaksei Protas.
12:27 of 2nd period - Snap shot by Jayden Halbgewachs.
12:27 of 2nd period - Goal by Jayden Halbgewachs - Kelowna Rockets : 1 - Niagara IceDogs : 2.
12:28 of 2nd period - Aliaksei Protas wins face-off versus Ty Dellandrea in neutral zone.
12:31 of 2nd period - Wrist shot by Ian Mitchell.
12:31 of 2nd period - Shot Blocked by Lucas Johansen.
12:33 of 2nd period - Minor Penalty to Jesse Ylonen for Tripping.
12:34 of 2nd period - Arttu Ruotsalainen wins face-off versus Ty Dellandrea in Kelowna Rockets zone.
12:41 of 2nd period - Snap shot by Aliaksei Protas.
12:41 of 2nd period - Stopped by Eetu Makiniemi with a rebound.
12:43 of 2nd period - Wrist shot by Arttu Ruotsalainen.
12:43 of 2nd period - Stopped by Eetu Makiniemi with a rebound.
12:45 of 2nd period - Wrist shot by Aliaksei Protas.
12:45 of 2nd period - Shot Blocked by Ty Dellandrea.
12:47 of 2nd period - Slapshot by Conor Timmins.
12:47 of 2nd period - Stopped by Eetu Makiniemi without a rebound.
12:48 of 2nd period - Ty Dellandrea wins face-off versus Arttu Ruotsalainen in Kelowna Rockets zone.
14:33 of 2nd period - Penalty to Jesse Ylonen is over, Jesse Ylonen is back on ice.
14:45 of 2nd period - Minor Penalty to Ty Dellandrea for Holding.
14:46 of 2nd period - Vasili Ponomarev wins face-off versus Jack Drury in Kelowna Rockets zone.
16:22 of 2nd period - Joachim Blichfeld is hit by Lucas Johansen and loses puck.
16:27 of 2nd period - Wrist shot by Oskar Steen.
16:27 of 2nd period - Stopped by Dylan Ferguson with a rebound.
16:45 of 2nd period - Penalty to Ty Dellandrea is over, Ty Dellandrea is back on ice.
16:54 of 2nd period - Wrist shot by Jasper Weatherby.
16:54 of 2nd period - Stopped by Dylan Ferguson with a rebound.
16:56 of 2nd period - Snap shot by Ty Dellandrea.
16:56 of 2nd period - Shot Misses the Net.
16:58 of 2nd period - Wrist shot by Jake Bean.
16:58 of 2nd period - Shot Blocked by Ian Mitchell.
17:00 of 2nd period - Wrist shot by Jasper Weatherby.
17:00 of 2nd period - Shot Hit the Post.
17:02 of 2nd period - Snap shot by Ty Dellandrea.
17:02 of 2nd period - Stopped by Dylan Ferguson with a rebound.
17:04 of 2nd period - Wrist shot by Oskar Steen.
17:04 of 2nd period - Shot Blocked by Alex Whelan.
17:12 of 2nd period - Snap shot by Oskar Steen.
17:12 of 2nd period - Shot Blocked by Conor Timmins.
17:14 of 2nd period - Slapshot by Max Lajoie.
17:14 of 2nd period - Shot Blocked by Alex Whelan.
17:16 of 2nd period - Slapshot by Max Lajoie.
17:16 of 2nd period - Shot Blocked by Alex Whelan.
17:18 of 2nd period - Snap shot by Ty Dellandrea.
17:18 of 2nd period - Stopped by Dylan Ferguson with a rebound.
17:20 of 2nd period - Snap shot by Oskar Steen.
17:20 of 2nd period - Goal by Oskar Steen - Kelowna Rockets : 2 - Niagara IceDogs : 2.
17:21 of 2nd period - Jack Drury wins face-off versus Arttu Ruotsalainen in neutral zone.
17:26 of 2nd period - Snap shot by Jacob Perreault.
17:26 of 2nd period - Stopped by Dylan Ferguson without a rebound.
17:27 of 2nd period - Jack Drury wins face-off versus Arttu Ruotsalainen in Niagara IceDogs zone.
17:30 of 2nd period - Snap shot by Jacob Perreault.
17:30 of 2nd period - Stopped by Dylan Ferguson without a rebound.
17:31 of 2nd period - Jack Drury wins face-off versus Arttu Ruotsalainen in Niagara IceDogs zone.
17:40 of 2nd period - Snap shot by Jacob Perreault.
17:40 of 2nd period - Shot Misses the Net.
17:42 of 2nd period - Slapshot by Cale Fleury.
17:42 of 2nd period - Stopped by Dylan Ferguson with a rebound.
17:44 of 2nd period - Backhand shot by Cale Fleury.
17:44 of 2nd period - Stopped by Dylan Ferguson with a rebound.
17:46 of 2nd period - Wrist shot by Jacob Perreault.
17:46 of 2nd period - Stopped by Dylan Ferguson with a rebound.
17:52 of 2nd period - Minor Penalty to John Ludvig for Goalie Interference.
17:53 of 2nd period - Jesse Ylonen wins face-off versus Arttu Ruotsalainen in Niagara IceDogs zone.
17:54 of 2nd period - Snap shot by Ty Dellandrea.
17:54 of 2nd period - Stopped by Dylan Ferguson with a rebound.
17:56 of 2nd period - Wrist shot by Jesse Ylonen.
17:56 of 2nd period - Stopped by Dylan Ferguson without a rebound.
17:57 of 2nd period - Ty Dellandrea wins face-off versus Arttu Ruotsalainen in Niagara IceDogs zone.
18:36 of 2nd period - Snap shot by Jonatan Berggren.
18:36 of 2nd period - Deflect By Joachim Blichfeld.
18:36 of 2nd period - Goal by Joachim Blichfeld - Kelowna Rockets : 2 - Niagara IceDogs : 3.
18:37 of 2nd period - Arttu Ruotsalainen wins face-off versus Ty Dellandrea in neutral zone.
18:51 of 2nd period - Conor Timmins is hit by Ty Dellandrea and loses puck.
19:41 of 2nd period - Aliaksei Protas is hit by Ty Dellandrea.
19:52 of 2nd period - Penalty to John Ludvig is over, John Ludvig is back on ice.
Goals for this period are 2 for Kelowna Rockets vs 2 for Niagara IceDogs.
Shots for this period are 15 for Kelowna Rockets vs 11 for Niagara IceDogs.
3rd period
0:01 of 3rd period - Ty Dellandrea wins face-off versus Arttu Ruotsalainen in neutral zone.
0:12 of 3rd period - Jesse Ylonen is hit by Jonatan Berggren and loses puck.
0:39 of 3rd period - Snap shot by Ty Dellandrea.
0:39 of 3rd period - Stopped by Dylan Ferguson with a rebound.
0:45 of 3rd period - Maxence Guenette is hit by Jayden Halbgewachs and loses puck.
0:54 of 3rd period - Snap shot by Jayden Halbgewachs.
0:54 of 3rd period - Shot Blocked by Jasper Weatherby.
1:12 of 3rd period - Slapshot by Chase Pearson.
1:12 of 3rd period - Goal by Chase Pearson - Kelowna Rockets : 2 - Niagara IceDogs : 4.
1:13 of 3rd period - Oskar Steen wins face-off versus Arttu Ruotsalainen in neutral zone.
1:16 of 3rd period - Snap shot by Matias Maccelli.
1:16 of 3rd period - Shot Misses the Net.
1:27 of 3rd period - Snap shot by Jonatan Berggren.
1:27 of 3rd period - Shot Misses the Net.
1:29 of 3rd period - Slapshot by Ian Mitchell.
1:29 of 3rd period - Shot Misses the Net.
1:54 of 3rd period - Wrist shot by Joel Kiviranta.
1:54 of 3rd period - Goal by Joel Kiviranta - Kelowna Rockets : 3 - Niagara IceDogs : 4.
1:55 of 3rd period - Ty Dellandrea wins face-off versus Vasili Ponomarev in neutral zone.
2:00 of 3rd period - Wrist shot by Ty Dellandrea.
2:00 of 3rd period - Stopped by Dylan Ferguson without a rebound.
2:01 of 3rd period - Ty Dellandrea wins face-off versus Vasili Ponomarev in Niagara IceDogs zone.
2:04 of 3rd period - Snap shot by Jasper Weatherby.
2:04 of 3rd period - Shot Misses the Net.
2:08 of 3rd period - Wrist shot by Jasper Weatherby.
2:08 of 3rd period - Stopped by Dylan Ferguson without a rebound.
2:09 of 3rd period - Arttu Ruotsalainen wins face-off versus Ty Dellandrea in Niagara IceDogs zone.
2:11 of 3rd period - Minor Penalty to Conor Timmins for Interference.
2:12 of 3rd period - Arttu Ruotsalainen wins face-off versus Ty Dellandrea in Niagara IceDogs zone.
2:24 of 3rd period - Snap shot by Arttu Ruotsalainen.
2:24 of 3rd period - Deflect By Ty Dellandrea.
2:24 of 3rd period - Shot Blocked by Jasper Weatherby.
2:24 of 3rd period - Puck is out of play.
2:25 of 3rd period - Ty Dellandrea wins face-off versus Arttu Ruotsalainen in Kelowna Rockets zone.
3:01 of 3rd period - Wrist shot by Joel Kiviranta.
3:01 of 3rd period - Stopped by Dylan Ferguson with a rebound.
3:03 of 3rd period - Wrist shot by Max Lajoie.
3:03 of 3rd period - Goal by Max Lajoie - Kelowna Rockets : 4 - Niagara IceDogs : 4.
3:04 of 3rd period - Ty Dellandrea wins face-off versus Arttu Ruotsalainen in neutral zone.
4:17 of 3rd period - Off-side.
4:18 of 3rd period - Arttu Ruotsalainen wins face-off versus Ty Dellandrea in neutral zone.
4:23 of 3rd period - Lucas Johansen is hit by Aliaksei Protas and loses puck.
4:47 of 3rd period - Off-side.
4:48 of 3rd period - Vasili Ponomarev wins face-off versus Oskar Steen in neutral zone.
5:13 of 3rd period - Oskar Steen is hit by Chase Pearson and loses puck.
5:36 of 3rd period - Wrist shot by Jesse Ylonen.
5:36 of 3rd period - Stopped by Dylan Ferguson with a rebound.
5:38 of 3rd period - Slapshot by Ty Dellandrea.
5:38 of 3rd period - Shot Misses the Net.
5:44 of 3rd period - Wrist shot by Ty Dellandrea.
5:44 of 3rd period - Shot Misses the Net.
5:46 of 3rd period - Slapshot by Ty Dellandrea.
5:46 of 3rd period - Deflect By Jesse Ylonen.
5:46 of 3rd period - Stopped by Dylan Ferguson with a rebound.
5:56 of 3rd period - Wrist shot by Jack Drury.
5:56 of 3rd period - Shot Misses the Net.
5:58 of 3rd period - Snap shot by Givani Smith.
5:58 of 3rd period - Stopped by Dylan Ferguson with a rebound.
6:00 of 3rd period - Snap shot by Jack Drury.
6:00 of 3rd period - Deflect By Jacob Perreault.
6:00 of 3rd period - Stopped by Dylan Ferguson with a rebound.
6:02 of 3rd period - Wrist shot by Jack Drury.
6:02 of 3rd period - Shot Misses the Net.
6:04 of 3rd period - Slapshot by Cale Fleury.
6:04 of 3rd period - Stopped by Dylan Ferguson without a rebound.
6:05 of 3rd period - Vasili Ponomarev wins face-off versus Ty Dellandrea in Niagara IceDogs zone.
6:15 of 3rd period - Anthony Angello and Ty Dellandrea fight to a draw.
6:15 of 3rd period - Penalty to Anthony Angello for Fighting.
6:15 of 3rd period - Penalty to Ty Dellandrea for Fighting.
6:16 of 3rd period - Arttu Ruotsalainen wins face-off versus Roby Jarventie in neutral zone.
7:10 of 3rd period - Minor Penalty to John Ludvig for Tripping.
7:11 of 3rd period - Roby Jarventie wins face-off versus Arttu Ruotsalainen in Niagara IceDogs zone.
7:25 of 3rd period - Snap shot by Jesse Ylonen.
7:25 of 3rd period - Stopped by Dylan Ferguson without a rebound.
7:26 of 3rd period - Arttu Ruotsalainen wins face-off versus Roby Jarventie in Niagara IceDogs zone.
7:39 of 3rd period - Wrist shot by Arttu Ruotsalainen.
7:39 of 3rd period - Shot Misses the Net.
7:59 of 3rd period - Snap shot by Matias Maccelli.
7:59 of 3rd period - Deflect By Oskar Steen.
7:59 of 3rd period - Shot Misses the Net.
7:59 of 3rd period - Puck is out of play.
8:00 of 3rd period - Oskar Steen wins face-off versus Jonatan Berggren in Niagara IceDogs zone.
8:01 of 3rd period - Backhand shot by Joel Kiviranta.
8:01 of 3rd period - Stopped by Dylan Ferguson without a rebound.
8:02 of 3rd period - Oskar Steen wins face-off versus Arttu Ruotsalainen in Niagara IceDogs zone.
8:07 of 3rd period - Wrist shot by Matias Maccelli.
8:07 of 3rd period - Stopped by Dylan Ferguson with a rebound.
8:13 of 3rd period - Snap shot by Matias Maccelli.
8:13 of 3rd period - Stopped by Dylan Ferguson without a rebound.
8:14 of 3rd period - Arttu Ruotsalainen wins face-off versus Jasper Weatherby in Niagara IceDogs zone.
9:10 of 3rd period - Penalty to John Ludvig is over, John Ludvig is back on ice.
9:18 of 3rd period - Joachim Blichfeld is hit by Lucas Johansen and loses puck.
10:31 of 3rd period - Matias Maccelli is hit by John Ludvig and loses puck.
11:03 of 3rd period - Lauri Pajuniemi is hit by James Hamblin and loses puck.
11:14 of 3rd period - Wrist shot by Vasili Ponomarev.
11:14 of 3rd period - Stopped by Eetu Makiniemi with a rebound.
11:16 of 3rd period - Wrist shot by Aliaksei Protas.
11:16 of 3rd period - Stopped by Eetu Makiniemi with a rebound.
11:18 of 3rd period - Snap shot by Vasili Ponomarev.
11:18 of 3rd period - Shot Misses the Net.
12:14 of 3rd period - Icing by Ian Mitchell.
12:15 of 3rd period - Jayden Halbgewachs wins face-off versus Jack Drury in Niagara IceDogs zone.
12:15 of 3rd period - Jayden Halbgewachs is hit by Givani Smith.
12:25 of 3rd period - Snap shot by Jacob Perreault.
12:25 of 3rd period - Stopped by Dylan Ferguson with a rebound.
12:37 of 3rd period - Wrist shot by Jonatan Berggren.
12:37 of 3rd period - Stopped by Eetu Makiniemi without a rebound.
12:38 of 3rd period - Jonatan Berggren wins face-off versus Oskar Steen in Kelowna Rockets zone.
12:51 of 3rd period - Snap shot by Oskar Steen.
12:51 of 3rd period - Shot Misses the Net.
12:53 of 3rd period - Slapshot by Cale Fleury.
12:53 of 3rd period - Shot Blocked by John Ludvig.
12:55 of 3rd period - Slapshot by Max Lajoie.
12:55 of 3rd period - Deflect By Matias Maccelli.
12:55 of 3rd period - Stopped by Dylan Ferguson with a rebound.
13:01 of 3rd period - Snap shot by Matias Maccelli.
13:01 of 3rd period - Stopped by Dylan Ferguson with a rebound.
13:33 of 3rd period - Slapshot by Joel Kiviranta.
13:33 of 3rd period - Stopped by Dylan Ferguson with a rebound.
13:35 of 3rd period - Snap shot by Oskar Steen.
13:35 of 3rd period - Shot Blocked by Joseph Duszak.
13:47 of 3rd period - Snap shot by Arttu Ruotsalainen.
13:47 of 3rd period - Stopped by Eetu Makiniemi with a rebound.
14:01 of 3rd period - Snap shot by Joel Kiviranta.
14:01 of 3rd period - Shot Misses the Net.
14:03 of 3rd period - Wrist shot by Jake Bean.
14:03 of 3rd period - Shot Blocked by Joseph Duszak.
14:05 of 3rd period - Snap shot by Oskar Steen.
14:05 of 3rd period - Stopped by Dylan Ferguson with a rebound.
14:07 of 3rd period - Wrist shot by Matias Maccelli.
14:07 of 3rd period - Shot Misses the Net.
14:13 of 3rd period - Snap shot by Matias Maccelli.
14:13 of 3rd period - Stopped by Dylan Ferguson with a rebound.
14:15 of 3rd period - Snap shot by Matias Maccelli.
14:15 of 3rd period - Stopped by Dylan Ferguson with a rebound.
14:17 of 3rd period - Wrist shot by Matias Maccelli.
14:17 of 3rd period - Stopped by Dylan Ferguson with a rebound.
14:19 of 3rd period - Slapshot by Oskar Steen.
14:19 of 3rd period - Goal by Oskar Steen - Kelowna Rockets : 5 - Niagara IceDogs : 4.
14:20 of 3rd period - Vasili Ponomarev wins face-off versus Jesse Ylonen in neutral zone.
14:30 of 3rd period - Minor Penalty to Anthony Angello for Interference.
14:31 of 3rd period - Nicholas Robertson wins face-off versus Jasper Weatherby in Niagara IceDogs zone.
16:30 of 3rd period - Penalty to Anthony Angello is over, Anthony Angello is back on ice.
16:43 of 3rd period - Wrist shot by Nicholas Robertson.
16:43 of 3rd period - Deflect By Jack Drury.
16:43 of 3rd period - Shot Misses the Net.
16:43 of 3rd period - Puck is out of play.
16:44 of 3rd period - Oskar Steen wins face-off versus Vasili Ponomarev in Kelowna Rockets zone.
16:58 of 3rd period - Icing by Joachim Blichfeld.
16:59 of 3rd period - Oskar Steen wins face-off versus Jayden Halbgewachs in Niagara IceDogs zone.
17:08 of 3rd period - Snap shot by Jayden Halbgewachs.
17:08 of 3rd period - Stopped by Eetu Makiniemi with a rebound.
17:13 of 3rd period - Givani Smith beats up Chase Pearson.
17:13 of 3rd period - Penalty to Chase Pearson for Fighting.
17:13 of 3rd period - Penalty to Givani Smith for Fighting.
17:14 of 3rd period - Jack Drury wins face-off versus Jayden Halbgewachs in Kelowna Rockets zone.
17:30 of 3rd period - Jayden Halbgewachs is hit by Jack Drury and loses puck.
17:41 of 3rd period - Alex Whelan is hit by Joel Kiviranta and loses puck.
17:59 of 3rd period - Wrist shot by Jayden Halbgewachs.
17:59 of 3rd period - Shot Misses the Net.
18:01 of 3rd period - Wrist shot by Jayden Halbgewachs.
18:01 of 3rd period - Goal by Jayden Halbgewachs - Kelowna Rockets : 5 - Niagara IceDogs : 5.
18:02 of 3rd period - Jack Drury wins face-off versus Arttu Ruotsalainen in neutral zone.
18:16 of 3rd period - Wrist shot by Jonatan Berggren.
18:16 of 3rd period - Stopped by Eetu Makiniemi without a rebound.
18:17 of 3rd period - Jayden Halbgewachs wins face-off versus Arnaud Durandeau in Kelowna Rockets zone.
18:18 of 3rd period - Wrist shot by James Hamblin.
18:18 of 3rd period - Stopped by Eetu Makiniemi without a rebound.
18:19 of 3rd period - Alex Whelan wins face-off versus Ty Dellandrea in Kelowna Rockets zone.
18:30 of 3rd period - Snap shot by Jayden Halbgewachs.
18:30 of 3rd period - Shot Blocked by Ty Dellandrea.
18:53 of 3rd period - Wrist shot by Jonatan Berggren.
18:53 of 3rd period - Shot Misses the Net.
19:02 of 3rd period - Icing by Jonatan Berggren.
19:03 of 3rd period - Ty Dellandrea wins face-off versus Arttu Ruotsalainen in Niagara IceDogs zone.
19:38 of 3rd period - Wrist shot by Jacob Perreault.
19:38 of 3rd period - Stopped by Dylan Ferguson with a rebound.
19:45 of 3rd period - Icing by Alex Whelan.
19:46 of 3rd period - Ty Dellandrea wins face-off versus Jayden Halbgewachs in Niagara IceDogs zone.
19:51 of 3rd period - Backhand shot by Jesse Ylonen.
19:51 of 3rd period - Shot Misses the Net.
19:53 of 3rd period - Wrist shot by Cale Fleury.
19:53 of 3rd period - Stopped by Dylan Ferguson without a rebound.
19:54 of 3rd period - Vasili Ponomarev wins face-off versus Ty Dellandrea in Niagara IceDogs zone.
Goals for this period are 3 for Kelowna Rockets vs 2 for Niagara IceDogs.
Shots for this period are 26 for Kelowna Rockets vs 9 for Niagara IceDogs.
Overtime #1
0:01 of 1st overtime period - Ty Dellandrea wins face-off versus Arttu Ruotsalainen in neutral zone.
0:12 of 1st overtime period - Snap shot by Jasper Weatherby.
0:12 of 1st overtime period - Deflect By Ty Dellandrea.
0:12 of 1st overtime period - Stopped by Dylan Ferguson with a rebound.
0:51 of 1st overtime period - Wrist shot by Matias Maccelli.
0:51 of 1st overtime period - Shot Misses the Net.
0:53 of 1st overtime period - Snap shot by Matias Maccelli.
0:53 of 1st overtime period - Stopped by Dylan Ferguson with a rebound.
0:55 of 1st overtime period - Wrist shot by Jesse Ylonen.
0:55 of 1st overtime period - Shot Blocked by Conor Timmins.
1:22 of 1st overtime period - Cale Fleury is hit by John Ludvig and loses puck.
1:42 of 1st overtime period - Icing by Lucas Johansen.
1:43 of 1st overtime period - Arttu Ruotsalainen wins face-off versus Ty Dellandrea in Kelowna Rockets zone.
1:58 of 1st overtime period - Ty Dellandrea is hit by Jonatan Berggren and loses puck.
2:09 of 1st overtime period - Ian Mitchell is hit by Ty Dellandrea and loses puck.
2:13 of 1st overtime period - Penalty to Chase Pearson is over, Chase Pearson is back on ice.
2:13 of 1st overtime period - Penalty to Givani Smith is over, Givani Smith is back on ice.
2:18 of 1st overtime period - Snap shot by Joachim Blichfeld.
2:18 of 1st overtime period - Stopped by Eetu Makiniemi with a rebound.
2:20 of 1st overtime period - Snap shot by Joseph Duszak.
2:20 of 1st overtime period - Deflect By Ty Dellandrea.
2:20 of 1st overtime period - Stopped by Eetu Makiniemi without a rebound.
2:21 of 1st overtime period - Jesse Ylonen wins face-off versus Arttu Ruotsalainen in Kelowna Rockets zone.
2:54 of 1st overtime period - Roby Jarventie is hit by John Ludvig and loses puck.
4:00 of 1st overtime period - Icing by Jack Drury.
4:01 of 1st overtime period - Arttu Ruotsalainen wins face-off versus Jack Drury in Kelowna Rockets zone.
Goals for this period are 0 for Kelowna Rockets vs 0 for Niagara IceDogs.
Shots for this period are 2 for Kelowna Rockets vs 2 for Niagara IceDogs.
ShootOut
5:00 of 1st overtime period - Round #1.
5:00 of 1st overtime period - Kelowna Rockets, Ty Dellandrea.
5:00 of 1st overtime period - Snap shot by Ty Dellandrea.
5:00 of 1st overtime period - Stopped by Dylan Ferguson.
5:00 of 1st overtime period - Niagara IceDogs, Arttu Ruotsalainen.
5:00 of 1st overtime period - Backhand shot by Arttu Ruotsalainen.
5:00 of 1st overtime period - Goal by Arttu Ruotsalainen.
5:00 of 1st overtime period - Round #2.
5:00 of 1st overtime period - Kelowna Rockets, Jasper Weatherby.
5:00 of 1st overtime period - Wrist shot by Jasper Weatherby.
5:00 of 1st overtime period - Stopped by Dylan Ferguson.
5:00 of 1st overtime period - Niagara IceDogs, Aliaksei Protas.
5:00 of 1st overtime period - Deke by Aliaksei Protas.
5:00 of 1st overtime period - Stopped by Eetu Makiniemi.
5:00 of 1st overtime period - Round #3.
5:00 of 1st overtime period - Kelowna Rockets, Jesse Ylonen.
5:00 of 1st overtime period - Snap shot by Jesse Ylonen.
5:00 of 1st overtime period - Shot Misses the Net.
Back to the Top